 Dungeon Crawl Stone Soup version 0.17-a0-1954-g0dddeaa (webtiles) character file.

735 wvc the Poker (level 7, 0/57 HPs)
             Began as a Centaur Fighter on Oct 3, 2015.
             Was a Believer of Trog.
             Succumbed to Duvessa's poison
             ... on level 4 of the Dungeon.
             The game lasted 00:08:01 (3784 turns).

wvc the Poker (Centaur Fighter)                     Turns: 3784, Time: 00:08:01

Health: 0/57       AC:  6    Str: 19    XL:     7   Next: 45%
Magic:  7/7        EV:  6    Int:  7    God:    Trog [**....]
Gold:   180        SH:  9    Dex: 10    Spells: 0 memorised, 6 levels left

rFire  . . .     SeeInvis .     l - +0 spear (vamp)
rCold  . . .     Clarity  .     b - +0 scale mail
rNeg   . . .     SustAt   .     c - +1 shield
rPois  .         Gourm    .     (no helmet)
rElec  .         Spirit   .     (no cloak)
rCorr  .         Warding  .     (no gloves)
rMut   .         Stasis   .     (no barding)
MR     ++...                    (no amulet)
Stlth  ..........               (no ring)
                                (no ring)

@: lethally poisoned (0 -> -1), exhausted, very slightly contaminated,
regenerating, slowed, invisible, very resistant to hostile enchantments,
extremely unstealthy
A: hooves 3, deformed body, speed 2, tough skin 3
a: Burn Spellbooks, Berserk, Trog's Hand, Renounce Religion


You were on level 4 of the Dungeon.
You worshipped Trog.
Trog was pleased with you.
You were not hungry.

You visited 1 branch of the dungeon, and saw 4 of its levels.

You collected 180 gold pieces.

Inventory:

Hand weapons
 a - a +0 trident
 l - a +0 vampiric spear (weapon)
Armour
 b - a +0 scale mail (worn)
 c - a +1 shield (worn)
 m - a +0 ring mail
Scrolls
 e - 3 scrolls of remove curse
 g - a scroll of recharging
 h - a scroll of random uselessness {unknown}
 n - 2 scrolls of enchant armour
Potions
 d - a potion of might
 i - 2 potions of magic
 o - a potion of haste {unknown}
 p - a potion of degeneration {unknown}
Comestibles
 j - 2 meat rations


   Skills:
 - Level 3.0 Fighting
 * Level 7.2 Polearms
 - Level 2.1 Armour
 - Level 2.1 Dodging
 - Level 2.1 Shields


You had 6 spell levels left.
You didn't know any spells.

Dungeon Overview and Level Annotations

Branches:
Dungeon (4/15)
 Temple: D:4-7

Altars:
Ashenzari
Cheibriados
Dithmenos
Elyvilon
Gozag
Kikubaaqudgha
Nemelex Xobeh
Ru
Trog
Zin

Annotations:
D:4 Dowan


Innate Abilities, Weirdness & Mutations

You have hooves in place of feet.
Armour fits poorly on your strangely shaped body.
You cover ground very quickly.
You have extremely tough skin (AC +3).


Message History

Dowan says, "Her death will not be in vain!"
Dowan hits you but does no damage.
You closely miss Dowan. Your kick misses Dowan.
Dowan is moderately wounded.
You feel sick. Dowan hits you but does no damage. Dowan hits you with a dagger.
* * * LOW HITPOINT WARNING * * *
You hit Dowan but do no damage.
Dowan is moderately wounded.
You feel the effects of Trog's Hand fading.
* * * LOW HITPOINT WARNING * * *
You feel sick. Dowan hits you but does no damage.
Dowan says, "How can I live without her?"
Dowan hits you but does no damage.
* * * LOW HITPOINT WARNING * * *
You feel sick.
* * * LOW HITPOINT WARNING * * *
You feel sick.
* * * LOW HITPOINT WARNING * * *
You feel sick.
You die...

#...<.# #.#******#.# # #.###.#
#.########.### #.###.###
#.##..........
#.#.....####.##.#####.##.
#.#.#.....#...#.# #.##.
#.#.#.###.......# #.##. #.....#
#.......# #.... ###.#e###.##.####
####. #.#...@.##.# #.
#)########.# ######.
***########.#####**#+#* #......
,,,..e..........#,,,,,****#.#..#.
,,,................,,,,,,........
,,,...........§....,,,,,,........
≈≈,..≈≈≈≈≈≈.≈..≈≈≈≈≈≈≈,≈≈≈.≈≈≈≈..
≈≈≈≈≈≈≈≈≈≈≈≈≈≈≈≈≈≈≈≈≈≈≈≈≈≈≈≈≈≈≈≈≈
≈≈≈≈≈≈≈≈≈≈≈≈≈≈≈≈≈≈≈≈≈≈≈≈≈≈≈≈≈≈≈≈≈


You could see Dowan.

Vanquished Creatures
  Sigmund (D:4)
  Edmund (D:4)
  Duvessa (D:4)
  A slave (D:4)
  An ogre (D:4)
  A big kobold (D:4)
  Jessica (D:2)
  6 adders
  3 gnolls (D:3)
  3 oozes
  3 worms (D:2)
  2 giant geckos
  4 orcs (D:3)
  3 bats
  5 giant cockroaches
  7 goblins
  3 hobgoblins
  8 jackals
  A ball python (D:3)
  2 giant newts (D:1)
  15 kobolds
  A quokka (D:3)
  9 rats
82 creatures vanquished.

Notes
Turn   | Place    | Note
--------------------------------------------------------------
     0 | D:1      | wvc the Centaur Fighter began the quest for the Orb.
     0 | D:1      | Reached XP level 1. HP: 19/19 MP: 1/1
   194 | D:1      | Reached XP level 2. HP: 21/26 MP: 2/2
   589 | D:2      | Found a faded altar to an unknown god.
   622 | D:1      | Reached XP level 3. HP: 16/31 MP: 3/3
   902 | D:2      | Reached skill level 1 in Dodging
   957 | D:2      | Became a worshipper of Trog the Wrathful
   957 | D:2      | Acquired Trog's first power
  1306 | D:2      | Noticed Jessica
  1521 | D:2      | Killed Jessica
  1521 | D:2      | Reached XP level 4. HP: 30/38 MP: 4/4
  1536 | D:2      | Found an ancient bone altar of Kikubaaqudgha.
  1536 | D:2      | Found a white marble altar of Elyvilon.
  1538 | D:2      | Found a sacrificial altar of Ru.
  1630 | D:2      | Found a bloodstained altar of Trog.
  1631 | D:2      | Found a shadowy altar of Dithmenos.
  1633 | D:2      | Found a snail-covered altar of Cheibriados.
  1741 | D:2      | Found a shattered altar of Ashenzari.
  1949 | D:3      | Reached skill level 4 in Polearms
  1957 | D:3      | Acquired Trog's second power
  2070 | D:3      | Reached XP level 5. HP: 45/45 MP: 5/5
  2711 | D:3      | Found a sparkling altar of Nemelex Xobeh.
  2732 | D:3      | Found a glowing silver altar of Zin.
  2733 | D:3      | Found an opulent altar of Gozag.
  2845 | D:4      | Noticed a slave
  2884 | D:4      | Killed a slave
  3183 | D:4      | Noticed an ogre
  3194 | D:4      | Killed an ogre
  3194 | D:4      | Reached skill level 5 in Polearms
  3194 | D:4      | Reached XP level 6. HP: 29/51 MP: 6/6
  3340 | D:4      | Noticed Sigmund
  3361 | D:4      | Killed Sigmund
  3497 | D:4      | Noticed Edmund
  3548 | D:4      | Reached skill level 6 in Polearms
  3548 | D:4      | Reached XP level 7. HP: 57/57 MP: 7/7
  3614 | D:4      | Killed Edmund
  3739 | D:4      | Noticed Duvessa
  3742 | D:4      | Noticed Dowan
  3766 | D:4      | Killed Duvessa
  3766 | D:4      | Reached skill level 7 in Polearms
  3779 | D:4      | HP: 2/57 [Dowan/dagger (1)]
  3784 | D:4      | Succumbed to Duvessa's poison

Vault maps used:
D:1:      dpeg_arrival_stone_temple_mockup, kennysheep_boxes
D:2:      ashenzari_conservatory_becter, grunt_temple_overflow_open,
          ecumenical_altar_2, minmay_misc_feat_pillars, uniq_jessica
D:3:      grunt_temple_overflow_gold_and_silver,
          nemelex_xobeh_ov_fountains_minmay
D:4:      minmay_goblin_kobold_castle, lemuel_coloured_pillars_altar,
          first_bread, uniq_pikel, uniq_sigmund, uniq_menkaure, uniq_edmund,
          uniq_duvessa

Action                   |  1- 3 |  4- 6 |  7- 9 || total
-------------------------+-------+-------+-------++-------
Melee: Trident           |    58 |       |       ||    58
       Spear             |   104 |   280 |    64 ||   448
       Unarmed           |     6 |       |       ||     6
Invok: Berserk           |       |       |     2 ||     2
       Trog's Hand       |       |       |     2 ||     2
  Use: Potion            |     2 |     1 |     1 ||     4
       Scroll            |       |    13 |       ||    13
  Eat: Bread ration      |     1 |       |       ||     1
       Beef jerky        |     1 |       |       ||     1
       Fruit             |       |     1 |     3 ||     4
       Chunk             |       |     1 |       ||     1
       Meat ration       |       |     1 |       ||     1
